 Dungeon Sprint DCSS version 0.18-a0-1560-ge216ca8 (webtiles) character file.

1907 pipel the Destroyer (level 8, -4/41 HPs)
             Began as a Deep Elf Wanderer on Mar 12, 2016.
             Was the Champion of Sif Muna.
             Slain by a wraith (6 damage)
             ... in the Dungeon (Sprint VII: "The Pits").
             The game lasted 00:22:50 (2691 turns).

pipel the Destroyer (Deep Elf Wanderer)             Turns: 2691, Time: 00:22:50

Health: -4/41      AC:  3    Str: 10    XL:     8   Next: 94%
Magic:  11/26      EV:  2    Int: 20    God:    Sif Muna [******]
Gold:   0          SH:  0    Dex: 13    Spells: 7 memorised, 14 levels left

rFire  . . .     SeeInvis .     b - staff of energy
rCold  . . .     Gourm    .     c - +0 robe
rNeg   + + +     Faith    .     (no shield)
rPois  ∞         Spirit   .     F - +0 helmet
rElec  .         Dismiss  .     (no cloak)
rCorr  .         Reflect  .     (no gloves)
SustAt .         Harm     .     (no boots)
MR     .....     NoTele   +     (no amulet)
Stlth  +.........               (no ring)
                                (no ring)

@: petrified, slowed, repel missiles, not resistant to hostile enchantments,
very unstealthy
A: no striking features
a: Channel Energy, Forget Spell, Renounce Religion


You were in the Dungeon.
You worshipped Sif Muna.
Sif Muna was exalted by your worship.
You were not hungry.

You visited 1 branch

Inventory:

Hand Weapons
 a - a +4 quarterstaff of speed
 d - a +0 dagger
 m - a +2 trident
 n - a +2 quarterstaff
 x - a +0 trident of piercing
 C - a +0 quarterstaff of speed
 D - the +1 broad axe "Rauzib" {chop, rElec Stlth+}
   (You found it in the Dungeon)

   It inflicts extra damage upon your enemies.
   It insulates you from electricity.
   It makes you more stealthy.
 G - a +2 halberd of venom
Missiles
 r - 10 stones (quivered)
Armour
 c - a +0 robe (worn)
 E - a +5 ring mail
 F - a +0 helmet (worn)
Magical Staves
 b - an uncursed staff of energy (weapon)
Jewellery
 l - a +3 ring of evasion
 B - a +3 ring of evasion
Scrolls
 t - 3 scrolls of remove curse
 u - 5 scrolls of amnesia
 v - a scroll of summoning
 w - 2 scrolls of vulnerability
Potions
 e - 7 potions of curing
 g - 10 potions of heal wounds
 h - 3 potions of haste
 i - 4 potions of magic
 j - 5 potions of berserk rage
 q - 2 potions of invisibility
 z - a potion of cure mutation
 A - a potion of agility
Books
 k - Gimi's Incunabulum of Mutagenic Attacks
   (Sif Muna gifted it to you in the Dungeon)

   Spells                             Type                      Level
   a - Magic Dart                     Conjuration                  1
   b - Flame Tongue                   Conjuration/Fire             1
   c - Static Discharge               Conjuration/Air              3
   d - Iskenderun's Mystic Blast      Conjuration                  4
   e - Irradiate                      Conjuration/Transmutation    5
   f - Hydra Form                     Transmutation                6
 s - the Papyrus of Shape Shifting

   Spells                             Type                      Level
   a - Passwall                       Transmutation/Earth          2
   b - Sticks to Snakes               Transmutation                2
 y - a book of Minor Magic

   Spells                             Type                      Level
   a - Magic Dart                     Conjuration                  1
   b - Blink                          Translocation                2
   c - Call Imp                       Summoning                    2
   d - Repel Missiles                 Charms/Air                   2
   e - Slow                           Hexes                        2
   f - Conjure Flame                  Conjuration/Fire             3
   g - Mephitic Cloud                 Conjuration/Poison/Air       3
Comestibles
 f - 5 bread rations
 o - 39 fruits
 p - 7 meat rations
 H - 4 chunks of flesh


   Skills:
   Level 1.0 Shields
 + Level 12.3 Spellcasting
 + Level 14.1 Conjurations
 - Level 2.1 Summonings
   Level 1.1 Transmutations
 + Level 2.1 Air Magic
 - Level 13.1 Invocations
 - Level 1.1 Evocations


You had 14 spell levels left.
You knew the following spells:

 Your Spells              Type           Power        Failure   Level  Hunger
a - Magic Dart            Conj           ####         0%          1    None
b - Blink                 Tloc           N/A          10%         2    None
c - Call Imp              Summ           ###.....     3%          2    None
d - Repel Missiles        Chrm/Air       ###...       6%          2    None
e - Mephitic Cloud        Conj/Pois/Air  ####....     1%          3    None
f - Conjure Flame         Conj/Fire      #####...     1%          3    None
g - Iskenderun's Mystic   Conj           ######..     1%          4    None


Dungeon Overview and Level Annotations

Branches:
Dungeon (1/1)

Altars:
Ashenzari
Cheibriados
Dithmenos
Elyvilon
Fedhas
Gozag
Kikubaaqudgha
Makhleb
Nemelex Xobeh
Okawaru
Pakellas
Qazlal
Ru
Sif Muna
Trog
Vehumet
Xom
Yredelemnul
Zin
The Shining One
Beogh
Jiyva
Lugonu


Message History

The orb of energy misses the wraith.
The basilisk gazes at you.
You are slowing down.
The wraith hits you. The basilisk gazes at you.
Your limbs have turned to stone.
You have turned to stone.
The wraith hits you!
* * * LOW HITPOINT WARNING * * *
The wraith drains your vigour!
You feel as though you will be slow longer.
The basilisk gazes at you. The wraith hits you but does no damage.
The basilisk bites you!
* * * LOW HITPOINT WARNING * * *
The wraith hits you.
* * * LOW HITPOINT WARNING * * *
The wraith drains your vigour!
You feel as though you will be slow longer.
The basilisk gazes at you. The wraith hits you!
You die...

.'..##................#
.#..##..(...#..#......#
'#####....(...†.......+
))..)')...÷...........+
'#####......#..#......#
..'.##................#
..#.#####'#####''######
###.##.†.....##''####### ##
..#.##.......##.@....'..'..
..'.##.......##.Wl...'..'.
######...<...##.....##..##
).).##.......##...###n...###
).).##.......##..##........## h
######.......##''#...#..#...#n.
.#..###########......Y......'..
.#.############''#...#..#...#
.#.#....#..[.##..##........#


You could see a basilisk and a wraith.

Vanquished Creatures
  A two-headed ogre (D)
  A boulder beetle (D)
  A tarantella (D)
  A basilisk (D)
  2 vampire mosquitoes (D)
  2 hungry ghosts (D)
  A swamp drake (D)
  3 necrophages (D)
  A giant frog (D)
  A scorpion (D)
  5 killer bees (D)
  2 quasits (D)
  A hound (D)
  Terence (D)
  An adder (D)
  A river rat (D)
  An ooze (D)
  2 giant geckos (D)
  2 bats (D)
  A bat zombie (D)
  A goblin (D)
  3 hobgoblins (D)
  3 jackals (D)
  A quokka (D)
  A jackal skeleton (D)
  2 kobolds (D)
42 creatures vanquished.

Vanquished Creatures (others)
  An orc (D)
1 creature vanquished.

Grand Total: 43 creatures vanquished

Notes
Turn   | Place    | Note
--------------------------------------------------------------
     0 | D        | pipel the Deep Elf Wanderer began the quest for the Orb.
     0 | D        | pipel set off with: a book of Minor Magic, the Papyrus of Shape Shifting, a +0 robe, a +0 dagger, a potion of curing, a bread ration, a potion of heal wounds, a potion of haste, 2 potions of magic, a potion of berserk rage, a scroll of blinking
     0 | D        | Reached XP level 1. HP: 10/10 MP: 10/10
     0 | D        | Identified the Papyrus of Shape Shifting
     2 | D        | Learned a level 1 spell: Magic Dart
    11 | D        | Reached skill level 2 in Conjurations
    32 | D        | Found a sacrificial altar of Ru.
    32 | D        | Found a basalt altar of Yredelemnul.
    32 | D        | Found a glowing golden altar of the Shining One.
    32 | D        | Found a deep blue altar of Sif Muna.
    32 | D        | Found a burning altar of Makhleb.
    32 | D        | Found an ancient bone altar of Kikubaaqudgha.
    32 | D        | Found a glowing silver altar of Zin.
    33 | D        | Found a shadowy altar of Dithmenos.
    33 | D        | Found a bloodstained altar of Trog.
    33 | D        | Found a shattered altar of Ashenzari.
    33 | D        | Found a white marble altar of Elyvilon.
    33 | D        | Found a snail-covered altar of Cheibriados.
    33 | D        | Found a blossoming altar of Fedhas.
    33 | D        | Found a radiant altar of Vehumet.
    33 | D        | Found a shimmering altar of Xom.
    33 | D        | Found a sparkling altar of Nemelex Xobeh.
    33 | D        | Found a corrupted altar of Lugonu.
    33 | D        | Found a viscous altar of Jiyva.
    33 | D        | Found a roughly hewn altar of Beogh.
    33 | D        | Found an iron altar of Okawaru.
    34 | D        | Found an oddly glowing altar of Pakellas.
    36 | D        | Became a worshipper of Sif Muna the Loreminder
    59 | D        | Reached skill level 3 in Conjurations
   227 | D        | Reached skill level 4 in Conjurations
   227 | D        | Reached XP level 2. HP: 6/15 MP: 4/12
   409 | D        | Learned a level 2 spell: Blink
   412 | D        | Learned a level 2 spell: Call Imp
   448 | D        | Learned a level 2 spell: Repel Missiles
   481 | D        | Reached skill level 5 in Conjurations
   540 | D        | Reached * piety under Sif Muna
   540 | D        | Reached skill level 6 in Conjurations
   600 | D        | Reached XP level 3. HP: 19/19 MP: 6/13
   653 | D        | Learned a level 3 spell: Mephitic Cloud
   657 | D        | Learned a level 3 spell: Conjure Flame
   668 | D        | Noticed a hungry ghost
   685 | D        | Killed a hungry ghost
   685 | D        | Reached skill level 8 in Conjurations
   685 | D        | Reached XP level 4. HP: 24/24 MP: 2/15
   685 | D        | Reached XP level 5. HP: 28/28 MP: 2/16
   796 | D        | Noticed a necrophage
   809 | D        | Killed a necrophage
   809 | D        | Reached ** piety under Sif Muna
   809 | D        | Reached skill level 9 in Conjurations
   886 | D        | Noticed a swamp drake
   899 | D        | Killed a swamp drake
   899 | D        | Reached skill level 10 in Conjurations
   899 | D        | Reached skill level 10 in Invocations
   899 | D        | Reached XP level 6. HP: 30/32 MP: 2/18
  1034 | D        | Reached *** piety under Sif Muna
  1052 | D        | Reached skill level 11 in Conjurations
  1052 | D        | Reached XP level 7. HP: 25/36 MP: 0/19
  1187 | D        | Noticed a basilisk
  1204 | D        | Killed a basilisk
  1204 | D        | Reached **** piety under Sif Muna
  1204 | D        | Reached skill level 12 in Conjurations
  1288 | D        | Got the +1 broad axe "Rauzib" {chop, rElec Stlth+}
  1351 | D        | Noticed a tarantella
  1390 | D        | Killed a tarantella
  1390 | D        | Reached ***** piety under Sif Muna
  1390 | D        | Reached XP level 8. HP: 41/41 MP: 7/22
  1478 | D        | Noticed a boulder beetle
  1490 | D        | Noticed a two-headed ogre
  1490 | D        | Noticed a death yak
  1761 | D        | Reached skill level 13 in Conjurations
  1761 | D        | Reached skill level 1 in Air Magic
  1938 | D        | Killed a two-headed ogre
  2054 | D        | Found a stormy altar of Qazlal.
  2054 | D        | Found an opulent altar of Gozag.
  2142 | D        | Reached skill level 10 in Spellcasting
  2172 | D        | Noticed Terence
  2185 | D        | Killed Terence
  2324 | D        | Reached ****** piety under Sif Muna
  2324 | D        | Received a gift from Sif Muna
  2325 | D        | Identified Gimi's Incunabulum of Mutagenic Attacks (Sif Muna gifted it to you in the Dungeon)
  2337 | D        | Learned a level 4 spell: Iskenderun's Mystic Blast
  2548 | D        | Killed a boulder beetle
  2548 | D        | Reached skill level 14 in Conjurations
  2690 | D        | HP: 2/41 [wraith (2)]
  2691 | D        | Slain by a wraith

Vault maps used:
D:        pitsprint

Skill      XL: |  1  2  3  4  5  6  7  8 |
---------------+-------------------------+-----
Conjurations   | 4 6 8 10 11 12 14 | 14.1
Invocations    | 4 8 10 11 13 | 13.1
Spellcasting   | 8 12 | 12.3
Air Magic      | 2 |  2.1
Shields        | |  1.0
Summonings     | |  2.1
Transmutations | |  1.1
Evocations     | |  1.1

Action                   |  1- 3 |  4- 6 |  7- 9 || total
-------------------------+-------+-------+-------++-------
Melee: Trident           |     5 |       |       ||     5
       Quarterstaff      |     3 |       |     4 ||     7
 Cast: Magic Dart        |    37 |    27 |    65 ||   129
       Repel Missiles    |     1 |       |       ||     1
       Conjure Flame     |     2 |     6 |    30 ||    38
       Call Imp          |       |     2 |     1 ||     3
       Blink             |       |     4 |    16 ||    20
       Mephitic Cloud    |       |     2 |     9 ||    11
       Iskenderun's Myst |       |       |    22 ||    22
Invok: Channel Energy    |       |     9 |    56 ||    65
  Use: Scroll            |       |       |     1 ||     1
  Eat: Bread ration      |       |       |     3 ||     3
       Fruit             |       |       |     1 ||     1
       Chunk             |       |       |     1 ||     1
